 Dungeon Crawl Stone Soup version 0.24.0-1-gfbc8707122 (webtiles) character file.

Game seed: 8490735801591984493, levelgen mode: deterministic

110700 mortelune the Scorcher (level 16, -4/94 HPs)
             Began as a Deep Elf Fire Elementalist on Oct 26, 2019.
             Was a High Priest of Vehumet.
             Slain by a merfolk impaler
             ... wielding a +2 trident of freezing
              (6 damage)
             ... on level 2 of the Shoals.
             The game lasted 02:13:23 (41119 turns).

mortelune the Scorcher (DEFE)                      Turns: 41119, Time: 02:13:24

Health: -4/94      AC:  9    Str: 16    XL:     16   Next: 7%
Magic:  20/36      EV: 21    Int: 31    God:    Vehumet [*****.]
Gold:   3064       SH:  5    Dex: 15    Spells: 7/43 levels left

rFire    + . .     SeeInvis .   f - +2 whip (elec)
rCold    x . .     Gourm    .   S - +0 buckler
rNeg     + + .     Faith    .   w - +2 robe {MR+}
rPois    .         Spirit   .   n - +0 hat {MR+}
rElec    .         Reflect  .   a - +0 cloak of Wonder {rN+ MR+ Int-2}
rCorr    .         Harm     .   O - +1 pair of gloves {Str+3}
MR       ++++.                  o - +0 pair of boots
Stlth    ++........             A - amulet of the acrobat
HPRegen  0.25/turn              K - ring of Puzy {rN+ Str+4 Int+9 Slay-5}
MPRegen  0.25/turn              G - ring of fire

@: lethally poisoned (-4 -> -22)
A: no striking features
a: Renounce Religion


You were on level 2 of the Shoals.
You worshipped Vehumet.
Vehumet was extremely pleased with you.
You were not hungry.

You visited 5 branches of the dungeon, and saw 26 of its levels.
You also visited: Sewer, Gauntlet, Ice Cave and Volcano.

You collected 3334 gold pieces.
You spent 270 gold pieces at shops.

Inventory:

Hand Weapons
 f - a +2 whip of electrocution (weapon)
 H - the +3 mace of Tenacity {freeze, Int+3 Dex-4 SInv}
   (You found it on level 13 of the Dungeon)

   It has been specially enchanted to freeze those struck by it, causing extra
   injury to most foes and up to half again as much damage against particularly
   susceptible opponents.
   It can also slow down cold-blooded creatures.
   It affects your intelligence (+3).
   It affects your dexterity (-4).
   It lets you see invisible.
 Q - the +0 shortbow of Optimality {venom, rPois Str+2 Stlth+}
   (You found it in a Gauntlet)

   It poisons the ammo it fires.
   It affects your strength (+2).
   It protects you from poison.
   It makes you more stealthy.
Armour
 a - the +0 cloak of Wonder (worn) {rN+ MR+ Int-2}
   (You found it on level 5 of the Lair of Beasts)

   It affects your intelligence (-2).
   It protects you from negative energy.
   It affects your resistance to hostile enchantments.
 n - a +0 hat of magic resistance (worn)
 o - a +0 pair of boots (worn)
 q - a +2 robe of fire resistance
 w - a +2 robe of magic resistance (worn)
 I - a +0 troll leather armour
 O - a +1 pair of gloves of strength (worn)
 S - a +0 buckler (worn)
Jewellery
 u - the ring "Julik" {rN+ Stlth+}
   (You found it on level 5 of the Lair of Beasts)

   [ring of stealth]

   It protects you from negative energy.
   It makes you more stealthy.
 v - an uncursed ring of flight
 A - an amulet of the acrobat (around neck)
 E - an uncursed ring of protection from fire
 G - a ring of fire (right hand)
 K - the ring of Puzy (left hand) {rN+ Str+4 Int+9 Slay-5}
   (You found it in a Gauntlet)

   [ring of positive energy]

   It affects your strength (+4).
   It affects your intelligence (+9).
   It affects your accuracy and damage with ranged weapons and melee attacks
   (-5).
   It protects you from negative energy.
 M - an uncursed ring of protection from cold
 P - an uncursed ring of magical power
Wands
 y - a wand of digging (5)
 J - a wand of disintegration (22)
 U - a wand of acid (7)
Scrolls
 b - 8 scrolls of remove curse
 e - 2 scrolls of holy word
 m - 4 scrolls of fear
 p - 4 scrolls of enchant armour
 r - 5 scrolls of amnesia
 t - a scroll of immolation
 B - a scroll of silence
 C - 15 scrolls of teleportation
 F - 3 scrolls of fog
 L - 5 scrolls of blinking
 T - a scroll of magic mapping
 X - 2 scrolls of enchant weapon
 Y - 3 scrolls of vulnerability
Potions
 d - 2 potions of resistance
 g - 4 potions of berserk rage
 h - 7 potions of flight
 i - 5 potions of haste
 j - 4 potions of heal wounds
 k - 4 potions of brilliance
 l - 12 potions of curing
 z - 5 potions of magic
 D - a potion of invisibility
 N - 3 potions of might
 R - a potion of ambrosia
 V - a potion of agility
 W - 2 potions of mutation
Comestibles
 c - 40 rations
 x - 4 chunks of flesh


   Skills:
 + Level 8.4 Fighting
 - Level 6.4 Armour
 + Level 13.1 Dodging
 - Level 2.4 Stealth
 - Level 4.0 Shields
 - Level 14.0 Spellcasting
 - Level 15.0 Conjurations
 * Level 16.7 Fire Magic


You had 7 spell levels left.
You knew the following spells:

 Your Spells              Type           Power        Failure   Level  Hunger
a - Flame Tongue          Conj/Fire      #####        0%          1    None
b - Throw Flame           Conj/Fire      ######       0%          2    None
c - Conjure Flame         Conj/Fire      ########     0%          3    None
d - Sticky Flame          Conj/Fire      ########     1%          4    None
e - Fireball              Conj/Fire      ########..   1%          5    None
f - Mephitic Cloud        Conj/Pois/Air  ######..     1%          3    None
g - Irradiate             Conj/Tmut      ######....   1%          5    None
s - Orb of Destruction    Conj           #######...   1%          7    #####..
w - Iron Shot             Conj/Erth      ######....   4%          6    ###....

Your spell library contained the following spells:

 Spells                   Type           Power        Failure   Level  Hunger
 Poison Arrow             Conj/Pois      ######....   4%          6    ###....
 Shock                    Conj/Air       ####         1%          1    None
 Sting                    Conj/Pois      ####         1%          1    None
 Inner Flame              Hex/Fire       #######.     1%          3    None
 Static Discharge         Conj/Air       ######..     1%          3    None
 Stone Arrow              Conj/Erth      ######       1%          3    None
 Bolt of Magma            Conj/Fire/Erth #######...   1%          5    None
 Iskenderun's Battlesphe  Conj/Chrm      ######..     1%          5    None
 Lightning Bolt           Conj/Air       ######....   1%          5    None
 Venom Bolt               Conj/Pois      ######....   1%          5    None
 Animate Skeleton         Necr           N/A          2%          1    None
 Apportation              Tloc           ###...       2%          1    None
 Confusing Touch          Hex            ###...       2%          1    None
 Summon Small Mammal      Summ           ###.         2%          1    None
 Corpse Rot               Necr           N/A          3%          2    None
 Poisonous Vapours        Pois/Air       ###...       3%          2    None
 Swiftness                Chrm/Air       ###.....     3%          2    None
 Bolt of Cold             Conj/Ice       ######....   4%          6    ###....
 Confuse                  Hex            ###.....     6%          3    None
 Gell's Gravitas          Tloc           ###.......   6%          3    None
 Airstrike                Air            ###.......   6%          4    None
 Olgreb's Toxic Radiance  Pois           ###.....     6%          4    None
 Freezing Cloud           Conj/Ice/Air   ######....   11%         6    ###....
 Yara's Violent Unravell  Hex/Tmut       ###.......   16%         5    None
 Spellforged Servitor     Conj/Summ      ######....   21%         7    #####..
 Ice Form                 Ice/Tmut       ###.....     22%         4    None
 Leda's Liquefaction      Hex/Erth       ###.......   22%         4    None
 Petrify                  Tmut/Erth      ###.....     22%         4    None
 Metabolic Englaciation   Hex/Ice        ###.......   52%         5    None
 Summon Forest            Summ/Tloc      ###.......   52%         5    None
 Ozocubu's Refrigeration  Ice            ###.......   58%         6    ###....
 Hydra Form               Tmut           ###.......   97%         6    ###....
 Simulacrum               Ice/Necr       ###.......   97%         6    ###....
 Summon Hydra             Summ           ###.......   100%        7    #####..


Dungeon Overview and Level Annotations

Branches:
Dungeon (15/15)            Temple (1/1) D:7            Lair (6/6) D:10
 Shoals (2/4) Lair:3       Spider (0/4) Lair:3        Slime (0/5) Lair:6
    Orc (2/2) D:10            Elf (0/3) Orc:2        Vaults (0/5) D:14
 Depths (0/5) D:15          Sewer (visited)           IceCv (visited)
Volcano (visited)         Gauntlet (visited)

Altars:
Ashenzari
Cheibriados
Dithmenos
Elyvilon
Fedhas
Hepliaklqana
Nemelex Xobeh
Okawaru
Qazlal
Sif Muna
Trog
Uskayaw
Vehumet
Zin
The Shining One
Beogh
Jiyva

Shops:
D:15 [   Orc:2 ?%(?   Shoals:1 }

Annotations:
D:7 1 runed translucent door
D:13 1 runed translucent door
Shoals:1 1 runed translucent door, Tang's ghost, adept TeAE


Message History

You feel very sick.
The sea snake burns!
You kill the sea snake!
Vehumet accepts your kill.
You enter the shallow water.
Moving in this stuff is going to be slow.
You feel very sick.
You feel very sick.
You feel very sick.
The merfolk impaler completely misses you.
You feel very sick.
The merfolk impaler hits you from afar with a +2 trident of freezing!!
* * * LOW HITPOINT WARNING * * *
The merfolk impaler freezes you!
* * * LOW HITPOINT WARNING * * *
You feel much better.
You feel sick.
The merfolk impaler hits you from afar with a +2 trident of freezing!!
* * * LOW HITPOINT WARNING * * *
The merfolk impaler freezes you.
You die...

≈≈≈≈≈≈≈≈≈≈≈≈≈≈≈≈
≈≈≈≈≈≈≈≈≈≈≈≈≈≈≈≈≈≈≈
≈≈≈≈≈≈≈≈≈≈≈≈≈≈≈≈≈≈≈≈≈≈
≈≈≈≈≈≈≈≈≈≈≈≈≈≈≈≈≈≈≈≈≈≈≈
≈≈≈≈≈......≈≈≈≈≈≈≈≈≈≈≈≈≈
≈≈≈≈≈≈...)..≈≈≈≈≈≈≈≈≈≈≈≈≈≈≈≈≈≈
≈≈≈≈≈≈....≈...≈≈≈≈≈≈≈≈≈≈≈≈≈≈≈≈
≈≈≈≈....≈≈.<@≈t≈≈≈≈≈≈≈≈≈≈≈≈≈.
...>...≈≈≈..<≈m≈≈≈≈≈≈≈≈≈≈≈≈≈≈
#.....≈..=..≈≈≈≈≈≈≈≈≈≈≈≈≈≈≈
##......###[.≈≈≈≈≈≈≈≈≈≈≈≈≈≈
#......# #..≈....≈≈≈≈≈≈≈≈≈
##.....## #..>..†.)..(..≈≈≈
#...#..# ###.......#.....≈
######## ##.....####..≈§
####.## #.≈≈


You could see a merfolk impaler and a snapping turtle.

Vanquished Creatures
  Frances (Shoals:1)
  A frost giant (IceCv)
  Kirke (Lair:4)
  A fire giant (D:15)
  The ghost of 00Nightcrawler the Fighter, a journeyman VSTm of Dithmenos (D:13)
  A minotaur (Gauntlet)
  Snorg (Lair:5)
  An ettin (Orc:2)
  A merfolk impaler (Shoals:1)
  Erolcha (Orc:2)
  A yaktaur captain (D:14)
  6 hydras
  A merfolk avatar (Lair:6)
  Erica (D:11)
  A centaur warrior (D:14)
  A catoblepas (D:13)
  A death knight (D:14)
  A dancing weapon (Volcano)
  A death yak (IceCv)
  4 two-headed ogres
  9 orc high priests
  3 sea snakes
  5 unseen horrors
  5 wizards (Volcano)
  A lindwurm (Lair:3)
  A harpy (Lair:6)
  3 oklob plants
  An orc knight (Orc:1)
  2 deep elf magi
  3 fauns
  14 ugly things
  7 cyclopes
  7 elephants
  A centaur zombie (D:15)
  5 toenail golems (Volcano)
  2 merfolk sirens
  5 black mambas
  Maurice (D:11)
  2 gargoyles (D:12)
  An ice statue (IceCv)
  4 torpor snails
  3 centaur skeletons
  12 spiny frogs
  3 rime drakes
  An efreet (D:14)
  A freezing wraith (D:14)
  15 komodo dragons
  2 yaktaurs (D:14)
  4 jumping spiders (Lair:3)
  2 merfolk (Shoals:1)
  12 trolls
  4 wind drakes
  20 polar bears
  4 hornets
  Grinder (D:3)
  7 slime creatures
  2 snapping turtles (Shoals:1)
  4 dream sheep (Lair:5)
  11 blink frogs
  14 hippogriffs
  Sigmund (D:6)
  4 redbacks (Lair:3)
  A shadow (D:11)
  A tarantella (shapeshifter) (D:14)
  5 spriggans
  A water elemental (Shoals:1)
  40 yaks
  2 basilisks
  3 hogs (Lair:4)
  6 wyverns
  4 hungry ghosts
  5 vampire mosquitoes (D:13)
  11 wargs
  2 acid dragons
  15 water moccasins
  9 porcupines
  Purgy (Sewer)
  12 ice beasts
  2 sky beasts
  4 eyes of draining
  23 orc warriors
  4 black bears
  A phantom (D:6)
  A necrophage (D:10)
  24 wolves
  9 ogres
  A boggart (D:13)
  10 centaurs
  16 crocodiles
  18 bullfrogs
  3 big kobolds
  A wyvern zombie (D:12)
  8 scorpions
  7 killer bees
  9 wights
  An electric eel (D:13)
  6 howler monkeys
  3 crimson imps
  7 hounds
  3 quasits
  32 orc priests
  3 bullfrog skeletons
  3 jellies
  29 orc wizards
  Jessica (D:3)
  8 iguanas
  Ijyb (D:3)
  Terence (D:2)
  12 worker ants
  3 hound skeletons
  Robin (D:2)
  8 adders
  4 shadow imps
  An ooze (D:3)
  2 adder skeletons
  5 worms
  2 dart slugs
  5 leopard geckos
  136 orcs
  6 giant cockroaches
  15 goblins
  8 hobgoblins
  10 jackals
  5 quokkas
  9 bats
  5 frilled lizards
  A giant cockroach zombie (D:6)
  17 kobolds
  9 rats
  A fungus (Lair:5)
  3 plants (Lair:5)
862 creatures vanquished.

Vanquished Creatures (others)
  2 wolves (IceCv)
  An orc wizard (D:13)
  A quokka (D:5)
  16 fungi
  20 plants
40 creatures vanquished.

Grand Total: 902 creatures vanquished

Notes
Turn   | Place    | Note
-------+----------+-------------------------------------------
     0 | D:1      | mortelune the Deep Elf Fire Elementalist began the quest
                  | for the Orb.
     0 | D:1      | Reached XP level 1. HP: 10/10 MP: 6/6
   470 | D:1      | Reached XP level 2. HP: 15/15 MP: 5/8
  1152 | D:2      | Reached XP level 3. HP: 15/19 MP: 5/9
  1156 | D:2      | Learned a level 2 spell: Throw Flame
  1160 | D:2      | Learned a level 3 spell: Conjure Flame
  1446 | D:2      | Noticed Terence
  1461 | D:2      | Killed Terence
  1461 | D:2      | Reached skill level 4 in Fire Magic
  1538 | D:2      | Noticed Robin
  1552 | D:2      | You fall into a shaft and drop 1 floor!
  1552 | D:3      | Noticed Ijyb
  1564 | D:3      | Noticed Jessica
  1586 | D:3      | Reached XP level 4. HP: 17/24 MP: 6/11
  1599 | D:3      | Killed Jessica
  1896 | D:3      | Learned a level 4 spell: Sticky Flame
  1900 | D:3      | Killed Ijyb
  2226 | D:3      | Reached XP level 5. HP: 28/28 MP: 3/12
  2847 | D:3      | Noticed an eye of draining
  2941 | D:3      | Noticed an eye of draining
  2949 | D:3      | Noticed an eye of draining
  2962 | D:3      | Killed an eye of draining
  2974 | D:3      | Killed an eye of draining
  2974 | D:3      | Reached XP level 6. HP: 32/32 MP: 1/14
  3071 | D:3      | Found a bloodstained altar of Trog.
  3079 | D:3      | Reached skill level 5 in Fire Magic
  3273 | D:3      | Noticed Grinder
  3289 | D:3      | Killed Grinder
  3289 | D:3      | Reached skill level 5 in Dodging
  3289 | D:3      | Reached XP level 7. HP: 36/36 MP: 7/16
  3746 | D:2      | Killed Robin
  3913 | D:2      | Found a faded altar of an unknown god.
  4308 | D:4      | Reached skill level 5 in Spellcasting
  4665 | D:4      | Reached skill level 5 in Conjurations
  4993 | D:5      | Entered Level 5 of the Dungeon
  5005 | D:5      | Found a hide-covered altar of Uskayaw.
  5028 | D:5      | Reached skill level 6 in Fire Magic
  5226 | D:5      | Reached XP level 8. HP: 37/41 MP: 5/18
  5316 | D:5      | Found a glowing drain.
  5324 | Sewer    | Entered a sewer
  5608 | Sewer    | Noticed Purgy
  5618 | Sewer    | Killed Purgy
  5897 | D:5      | Learned a level 5 spell: Fireball
  6149 | D:5      | Found a white marble altar of Elyvilon.
  6877 | D:6      | Reached skill level 7 in Fire Magic
  7696 | D:6      | Reached XP level 9. HP: 45/45 MP: 14/20
  7817 | D:6      | Noticed Sigmund
  7825 | D:6      | Killed Sigmund
  8479 | D:7      | Reached skill level 8 in Fire Magic
  9247 | D:7      | Found a runed translucent door.
  9247 | D:7      | Noticed a sixfirhy
  9356 | D:7      | Found a staircase to the Ecumenical Temple.
  9362 | Temple   | Entered the Ecumenical Temple
  9373 | Temple   | Became a worshipper of Vehumet
 10452 | D:8      | Found a snail-covered altar of Cheibriados.
 10559 | D:8      | Reached skill level 9 in Fire Magic
 10801 | D:8      | Learned a level 3 spell: Mephitic Cloud
 10829 | D:9      | Reached * piety under Vehumet
 10829 | D:9      | Offered knowledge of Shock by Vehumet.
 10970 | D:8      | Reached XP level 10. HP: 38/50 MP: 19/23
 12013 | D:9      | Reached skill level 1 in Fighting
 12171 | D:9      | Reached ** piety under Vehumet
 12281 | D:10     | Entered Level 10 of the Dungeon
 12301 | D:10     | Found a staircase to the Lair.
 12349 | D:10     | Offered knowledge of Magic Dart by Vehumet.
 12349 | D:10     | Reached skill level 10 in Dodging
 12528 | D:10     | Reached skill level 1 in Armour
 12544 | D:10     | Noticed a two-headed ogre
 13039 | D:10     | Offered knowledge of Stone Arrow by Vehumet.
 13050 | D:10     | Learned a level 3 spell: Stone Arrow
 13152 | D:10     | Found a staircase to the Orcish Mines.
 13508 | D:10     | Noticed an unseen horror
 13508 | D:10     | Killed an unseen horror
 13508 | D:10     | Reached skill level 10 in Fire Magic
 13690 | D:11     | Found a gate leading to a gauntlet.
 13690 | D:11     | Noticed a brown ugly thing
 13697 | Gauntlet | Entered a Gauntlet
 13697 | Gauntlet | Found a runed translucent door.
 13697 | Gauntlet | Found a transporter.
 13697 | Gauntlet | Found a runed translucent door.
 13697 | Gauntlet | Found a transporter.
 13697 | Gauntlet | Found a transporter.
 13698 | Gauntlet | Found a transporter.
 13699 | Gauntlet | Found a transporter.
 13702 | Gauntlet | Found a transporter.
 13708 | Gauntlet | Noticed a worldbinder
 13709 | Gauntlet | Found a transporter.
 13710 | Gauntlet | Found a transporter.
 13711 | Gauntlet | Found a transporter.
 13714 | Gauntlet | Found a transporter.
 13719 | Gauntlet | Noticed a spectral centaur warrior
 13721 | Gauntlet | Noticed a death drake
 13724 | Gauntlet | Found a transporter.
 13726 | Gauntlet | Found a transporter.
 13728 | Gauntlet | Noticed an apocalypse crab
 13807 | Gauntlet | Noticed an ice statue
 14007 | Gauntlet | Reached XP level 11. HP: 31/57 MP: 5/25
 14012 | Gauntlet | Got a warped brass ring
 14113 | Gauntlet | Identified the ring of Puzy {rN+ Str+4 Int+9 Slay-5} (You
                  | found it in a Gauntlet)
 14119 | Gauntlet | Noticed a tengu warrior
 14119 | Gauntlet | Noticed a deep elf archer
 14119 | Gauntlet | Noticed a deep elf mage
 14120 | Gauntlet | Noticed a deep elf mage
 14120 | Gauntlet | Noticed a deep elf mage
 14120 | Gauntlet | Noticed a deep elf knight
 14128 | Gauntlet | Noticed a sixfirhy
 14283 | Gauntlet | Noticed a minotaur
 14289 | Gauntlet | Killed a minotaur
 14289 | Gauntlet | Reached skill level 10 in Conjurations
 14293 | Gauntlet | Got a twisted shortbow
 14297 | D:11     | Noticed Maurice
 14297 | D:11     | Noticed Erica
 14315 | D:10     | Identified the cursed +0 shortbow of Optimality {venom,
                  | rPois Str+2 Stlth+} (You found it in a Gauntlet)
 14422 | Lair:1   | Entered Level 1 of the Lair of Beasts
 14532 | Lair:1   | Reached *** piety under Vehumet
 14981 | Lair:1   | Found the cursed +13 scythe of Curses {drain, *Curse}
 14992 | Lair:1   | Noticed a five-headed hydra
 15030 | Lair:1   | Killed a five-headed hydra
 15050 | Lair:1   | Reached skill level 11 in Fire Magic
 15220 | Lair:1   | Offered knowledge of Force Lance by Vehumet.
 15806 | Lair:2   | Noticed a four-headed hydra
 15818 | Lair:2   | Killed a four-headed hydra
 16051 | Lair:2   | Got a crude hunting sling
 16052 | Lair:2   | Identified the +5 hunting sling of Descent {freeze, -Tele
                  | rElec MR+ Dex+4} (You found it on level 2 of the Lair of
                  | Beasts)
 16143 | Lair:2   | Noticed a six-headed hydra
 16148 | Lair:2   | Killed a six-headed hydra
 16148 | Lair:2   | Reached XP level 12. HP: 64/64 MP: 19/27
 16457 | Lair:2   | Found a snail-covered altar of Cheibriados.
 16601 | Lair:3   | Reached skill level 10 in Spellcasting
 16684 | Lair:3   | Found a glowing silver altar of Zin.
 16767 | Lair:3   | Reached **** piety under Vehumet
 16767 | Lair:3   | Reached skill level 5 in Armour
 16986 | Lair:3   | Learned a level 4 spell: Force Lance
 17116 | Lair:3   | Found a staircase to the Shoals.
 17392 | Lair:3   | Found a hole to the Spider Nest.
 17419 | Lair:3   | Offered knowledge of Yara's Violent Unravelling by Vehumet.
 18029 | Lair:4   | Reached skill level 12 in Fire Magic
 18335 | Lair:4   | Noticed Kirke
 18372 | Lair:4   | Killed Kirke
 19210 | Lair:4   | Learned a level 7 spell: Orb of Destruction
 19366 | Lair:5   | Noticed Snorg
 19381 | Lair:5   | Killed Snorg
 19381 | Lair:5   | Reached XP level 13. HP: 72/72 MP: 25/29
 19466 | Lair:5   | Got a dazzling cloak
 19477 | Lair:5   | Identified the +0 cloak of Wonder {rN+ MR+ Int-2} (You
                  | found it on level 5 of the Lair of Beasts)
 20023 | Lair:5   | Reached skill level 1 in Shields
 20080 | Lair:5   | Reached ***** piety under Vehumet
 20536 | Lair:5   | Got a flickering jade ring
 20538 | Lair:5   | Identified the ring "Julik" {rN+ Stlth+} (You found it on
                  | level 5 of the Lair of Beasts)
 21347 | Lair:6   | Entered Level 6 of the Lair of Beasts
 21376 | Lair:6   | Found a staircase to the Slime Pits.
 21377 | Lair:6   | Found a viscous altar of Jiyva.
 21408 | Lair:6   | Reached skill level 5 in Fighting
 21801 | Lair:6   | Offered knowledge of Fulminant Prism by Vehumet.
 22021 | Lair:6   | Reached skill level 13 in Fire Magic
 23715 | D:10     | Reached XP level 14. HP: 79/79 MP: 17/31
 24195 | D:11     | Killed Maurice
 24207 | D:11     | Offered knowledge of Irradiate by Vehumet.
 24215 | D:11     | Learned a level 5 spell: Irradiate
 24453 | D:11     | Killed Erica
 25490 | D:12     | Reached skill level 14 in Fire Magic
 26073 | Orc:1    | Entered Level 1 of the Orcish Mines
 26238 | Orc:1    | Found a bloodstained altar of Trog.
 26425 | Orc:2    | Entered Level 2 of the Orcish Mines
 26538 | Orc:2    | Found a staircase to the Elven Halls.
 26546 | Orc:2    | Found a dark tunnel.
 26581 | Volcano  | Entered a volcano
 27260 | Volcano  | Identified 2 scrolls of acquirement
 29757 | Orc:2    | Found Pefofuoh's Weapon Shoppe.
 29757 | Orc:2    | Found Taripn's Magic Scroll Boutique.
 29777 | Orc:2    | Bought a scroll of teleportation for 42 gold pieces
 29777 | Orc:2    | Bought a scroll of identify for 28 gold pieces
 29777 | Orc:2    | Bought a scroll of identify for 28 gold pieces
 29777 | Orc:2    | Bought a scroll of identify for 28 gold pieces
 30532 | Orc:2    | Found a roughly hewn altar of Beogh.
 30550 | Orc:2    | Found Yragis's Magic Scroll Shoppe.
 30550 | Orc:2    | Found Duifrikubb's Food Boutique.
 30555 | Orc:2    | Bought a scroll of teleportation for 48 gold pieces
 30555 | Orc:2    | Bought a scroll of teleportation for 48 gold pieces
 30555 | Orc:2    | Bought a scroll of teleportation for 48 gold pieces
 30775 | Orc:2    | Offered knowledge of Bolt of Cold by Vehumet.
 30780 | Orc:2    | Noticed Erolcha
 30784 | Orc:2    | Killed Erolcha
 31279 | D:13     | Reached skill level 15 in Fire Magic
 31341 | D:13     | Found a frozen archway.
 31452 | IceCv    | Entered an ice cave
 31486 | IceCv    | Reached XP level 15. HP: 86/86 MP: 30/33
 31571 | IceCv    | Learned a level 6 spell: Iron Shot
 32778 | IceCv    | Noticed a frost giant
 32792 | IceCv    | Killed a frost giant
 32792 | IceCv    | Reached skill level 15 in Conjurations
 32835 | IceCv    | Offered knowledge of Bolt of Fire by Vehumet.
 33207 | D:13     | Found a blossoming altar of Fedhas.
 34183 | D:13     | Found a runed translucent door.
 34185 | D:13     | Identified the cursed +0 trident "Assidot" {antimagic,
                  | Str+2}
 34257 | D:13     | Identified the +2 chain mail of the Eleven Tables {Int+2
                  | Dex+4} (You found it on level 13 of the Dungeon)
 34684 | D:13     | Noticed 00Nightcrawler's ghost (journeyman VSTm)
 35182 | D:13     | Killed 00Nightcrawler's ghost
 35529 | D:13     | Identified the +3 mace of Tenacity {freeze, Int+3 Dex-4
                  | SInv} (You found it on level 13 of the Dungeon)
 36387 | D:14     | Found a gate to the Vaults.
 36918 | D:14     | Reached skill level 16 in Fire Magic
 37250 | D:14     | Offered knowledge of Poison Arrow by Vehumet.
 37911 | D:15     | Entered Level 15 of the Dungeon
 38154 | D:15     | Found a staircase to the Depths.
 38155 | D:15     | Noticed a fire giant
 38804 | D:15     | Found Xeott's Antique Armour Boutique.
 39069 | D:15     | Killed a fire giant
 39751 | Shoals:1 | Entered Level 1 of the Shoals
 39758 | Shoals:1 | Found Roadacesh's Gadget Shop.
 39761 | Shoals:1 | Found a runed translucent door.
 39772 | Shoals:1 | Noticed Tang's ghost (adept TeAE)
 40101 | Shoals:1 | Noticed Frances
 40108 | Shoals:1 | Killed Frances
 40108 | Shoals:1 | Reached XP level 16. HP: 82/93 MP: 7/36
 40522 | Shoals:1 | Found a blossoming altar of Fedhas.
 40801 | Shoals:2 | Noticed a kraken
 41119 | Shoals:2 | HP: 2/94 [merfolk impaler/+2 trident of freezing (28)]
 41119 | Shoals:2 | Slain by a merfolk impaler

Levels and vault maps discovered:
D:1:      moated_graveyard_arrival, layout_rooms, serial_corexii_hall,
          corexii_hall_statues_i, corexii_hall_statues_l,
          chequers_hall_statues_wall_a, corexii_hall_statues_i
D:2:      layout_basic, first_ration, chequers_ecumenical_altar_simple,
          uniq_robin, uniq_terence
D:3:      layout_basic, trog_eyes_of_draining, uniq_jessica, uniq_ijyb,
          uniq_grinder
D:4:      layout_loops_ring
D:5:      layout_loops_corners, eat_drink_and_be_merry_uskayaw,
          lightli_sewer_entry_pipes, elyvilon_altar_4
D:6:      layout_loops_ring, serial_glass, glass_columns_b, glass_columns_a,
          glass_columns_a, glass_columns_c, glass_columns_a, glass_columns_a,
          glass_columns_a, glass_columns_a, glass_columns_b, glass_columns_a,
          feat_on_display, minmay_strange_pillars, eino_curves_01,
          grunt_decor_clamped, kennysheep_generic_room_14, uniq_sigmund
D:7:      cheibrodos_shockbox, layout_basic, minmay_temple_entry_nine_rooms
D:8:      layout_loops_corners, special_room [special_room_orc], basic_altar
D:9:      layout_roguey
D:10:     layout_loops_ring, dpeg_oklobed_lair, hiddenorc1_lemuel, the_bakery
D:11:     layout_cave_pools, gauntlet_entry_generic, uniq_maurice, uniq_erica
D:12:     layout_roguey
D:13:     layout_basic, ebering_ghost_funeral_grove,
          portal_ice_cave_entry_ice_beasts, serial_glass, glass_columns_b,
          glass_columns_c, serial_bayou_pond_b, minmay_misc_feat_hallway,
          hangedman_tree_tricks
D:14:     layout_basic, david_vaults_2, minmay_door_square
D:15:     grunt_enter_depths_giant_problem, layout_layer_cave,
          grunt_decor_mini_mirrors, serial_shops, nicolae_shop_statue_plus
Temple:   compressed_dpeg_triangle_lava_temple
Lair:1:   layout_long_grid, grunt_megastairs_2
Lair:2:   layout_misc_corridors, kennysheep_snail_temple
Lair:3:   layout_regular_city, shoals_dummy_entry,
          nicolae_spider_entry_tight_spaces, basic_altar, lemuel_fruit_fields,
          lemuel_fruit_fields
Lair:4:   layout_loops_ring, chequers_serial_rivers_micro_c, st_stairs_7,
          beast_lair_carwin_5, uniq_kirke
Lair:5:   layout_regular_city, minmay_lair_oklob_items, wad_woods_03,
          lemuel_fruit_tree, serial_bayou_shore_a, uniq_snorg
Lair:6:   gammafunk_lair_ancient_temple, layout_regular_city, slime_altar_1,
          serial_bayou_pond_a, serial_bayou_pond_e
Shoals:1: layout_shoals, ebering_ghost_reflecting_pool, serial_shops,
          nicolae_shop_stone, lemuel_centaur_altar, uniq_frances
Shoals:2: layout_shoals, nicolae_shoals_square_sea_wall
Orc:1:    cheibrodos_orc_guarddog, layout_caves, trog_butcher_becter
Orc:2:    st_orc_town, layout_diamond_mine, nicolae_volcano_entry_hallway,
          uniq_erolcha

Skill      XL: |  1  2  3  4  5  6  7  8  9 10 11 12 13 14 15 |
---------------+----------------------------------------------+-----
Dodging        | 3 4 5 6 7 9 10 11 13 | 13.1
Conjurations   | 2 3 4 5 6 8 9 11 12 13 14 15 | 15.0
Fire Magic     | 4 5 6 7 9 10 11 12 13 15 16 | 16.7
Spellcasting   | 4 5 6 7 8 9 10 11 12 14 | 14.0
Fighting       | 2 3 4 5 7 8 |  8.4
Armour         | 2 4 6 |  6.4
Shields        | 4 |  4.0
Stealth        | |  2.4

Action                   |  1- 3 |  4- 6 |  7- 9 | 10-12 | 13-15 | 16-18 || total
-------------------------+-------+-------+-------+-------+-------+-------++-------
Melee: Unarmed           |     1 |       |       |       |       |       ||     1
       Whip              |    11 |    24 |    26 |    36 |    55 |       ||   152
       Glaive            |       |       |       |     1 |       |       ||     1
 Cast: Flame Tongue      |    36 |    24 |   138 |   246 |   338 |       ||   782
       Throw Flame       |     9 |    41 |   123 |   146 |   149 |     1 ||   469
       Conjure Flame     |     1 |     2 |     3 |    21 |    35 |       ||    62
       Sticky Flame      |       |     1 |    25 |    70 |    83 |     2 ||   181
       Fireball          |       |       |    15 |    31 |   254 |    14 ||   314
       Mephitic Cloud    |       |       |     1 |    19 |    13 |       ||    33
       Stone Arrow       |       |       |       |    14 |    30 |       ||    44
       Orb of Destructio |       |       |       |     3 |   103 |       ||   106
       Force Lance       |       |       |       |     3 |       |       ||     3
       Irradiate         |       |       |       |       |     8 |       ||     8
       Iron Shot         |       |       |       |       |    54 |     8 ||    62
Evoke: Wand              |       |       |       |     1 |       |       ||     1
  Use: Scroll            |     2 |       |    13 |    16 |    18 |     2 ||    51
       Potion            |       |       |     1 |     6 |     1 |     1 ||     9
 Stab: Confused          |       |       |       |       |     4 |       ||     4
  Eat: Chunk             |     2 |     5 |    27 |    20 |    70 |     5 ||   129
       Ration            |       |     1 |     1 |     4 |    13 |       ||    19
Armor: Robe              |    12 |     2 |    19 |       |    20 |     2 ||    55
       Troll leather arm |       |       |       |    35 |    25 |       ||    60
Dodge: Dodged            |    31 |    11 |   124 |   208 |   254 |     8 ||   636
Block: Buckler           |       |       |       |       |    53 |     3 ||    56
